 Dungeon Crawl Stone Soup version 0.31-a0-844-gdc52ec4 (webtiles) character file.

Game seed: 15000758296010227371

929 BarneyGumball the Skirmisher (level 8, -3/60 HPs)
             Began as a Naga Hunter on Sept 29, 2023.
             Was a Believer of Hepliaklqana.
             Slain by Maggie
             ... wielding a +6 halberd of freezing
              (13 damage)
             ... on level 6 of the Dungeon.
             The game lasted 00:11:40 (4267 turns).

BarneyGumball the Skirmisher (Naga Hunter)          Turns: 4267, Time: 00:11:41

Health: -3/60      AC:  6    Str: 13    XL:     8   Next: 11%
Magic:  8/8        EV:  8    Int: 10    God:    Hepliaklqana [**....]
Gold:   246        SH:  0    Dex: 17    Spells: 7/7 levels left

rFire   . . .        q - +0 orcbow
rCold   . . .        (shield currently unavailable)
rNeg    . . .        k - +1 ring mail {Will+}
rPois   +            (no helmet)
rElec   .            (no cloak)
rCorr   .            (no gloves)
SInv    +            (no barding)
Will    ++...        (no amulet)
Stlth   +            (no ring)
HPRegen 0.30/turn    (no ring)
MPRegen 0.11/turn

%: no passive effects
@: about to teleport, very slow
A: reduced essence, AC +2, large, see invisible, deformed body, poison
resistance, slowness 2, spit poison 1, naga tail 1
a: Spit Poison, Renounce Religion, Recall Ancestor, Ancestor Identity


You were on level 6 of the Dungeon.
You worshipped Hepliaklqana.
Hepliaklqana was pleased with you.
You visited 1 branch of the dungeon, and saw 6 of its levels.

You collected 246 gold pieces.

Inventory:

Hand Weapons
 a - a +0 shortbow
 q - a +0 orcbow (weapon)
Missiles
 j - a throwing net
Armour
 k - a +1 ring mail of willpower (worn)
Jewellery
 n - a ring of fire
Wands
 h - a wand of iceblast (13)
Scrolls
 b - a scroll of silence
 c - 2 scrolls of enchant armour {unknown}
 f - 2 scrolls of enchant weapon
 i - a scroll of teleportation
 m - a scroll of blinking {unknown}
 o - 2 scrolls of poison
 p - a scroll of vulnerability {unknown}
Potions
 d - 2 potions of curing
 e - a potion of brilliance {unknown}
 g - a potion of might
 l - a potion of heal wounds


   Skills:
 - Level 2.0 Fighting
 + Level 9.1 Ranged Weapons
 - Level 1.5 Dodging
 - Level 1.5 Stealth


You had 7 spell levels left.
You didn't know any spells.
Your spell library contained the following spells:

 Spells                   Type           Power      Damage    Failure   Level
 Cigotuvi's Dreadful Rot  Necr/Pois/Air  0%         N/A       77%         2
 Hailstorm                Conj/Ice       0%         3d3       94%         3
 Dispel Undead            Necr           0%         3d6       100%        4
 Summon Ice Beast         Ice/Summ       0%         N/A       100%        4
 Death Channel            Necr           0%         N/A       100%        6
 Simulacrum               Ice/Necr       0%         N/A       100%        6


Dungeon Overview and Level Annotations

Branches:
Dungeon (6/15)             Temple (0/1) D:5

Altars:
Dithmenos
Gozag
Hepliaklqana
Nemelex Xobeh
The Shining One

Annotations:
D:4 Menkaure, Robin
D:6 Maggie


Innate Abilities, Weirdness & Mutations

Your life essence is reduced to manifest your ancestor. (-10% HP)
Your serpentine skin is tough. (AC +2)
You have supernaturally acute eyesight. (SInv)
Armour fits poorly on your strangely shaped body.
Your system is resistant to poisons. (rPois)
You cover ground very slowly.
You can spit poison.
You have a snake-like lower body.


Message History

The adder is lightly wounded.
Maggie closely misses you. The adder closely misses you.
MT closely misses Maggie.
Fire: q) +0 orcbow
Press: ? - help, Q - select action, (/) - cycle Shift-Dir - straight line, f/p - Maggie
Aim: Maggie, wielding a +6 halberd of freezing and wearing +0 acid dragon scales (moderately wounded, ally target, 59% to hit)
You shoot an arrow. The arrow hits the adder!
The adder is almost dead.
The adder bites you but does no damage. Maggie barely misses you.
The adder bites you but does no damage. Maggie closely misses you.
Fire: q) +0 orcbow
Press: ? - help, Q - select action, (/) - cycle Shift-Dir - straight line, f/p - Maggie
Aim: Maggie, wielding a +6 halberd of freezing and wearing +0 acid dragon scales (moderately wounded, ally target, 59% to hit)
You shoot an arrow. The arrow completely misses the adder.
The arrow barely misses Maggie.
The adder bites you but does no damage.
MT completely misses Maggie.
Maggie hits you from afar with a +6 halberd of freezing!
Maggie freezes you. The adder completely misses you.
Aiming: Spit Poison (1% risk of failure)
Press: ? - help, Shift-Dir - straight line, f/p - Maggie
Aim: Maggie, wielding a +6 halberd of freezing and wearing +0 acid dragon scales (moderately wounded, ally target, 64% to hit)
The splash of poison hits the adder!
You kill the adder!
MT closely misses Maggie.
Maggie completely misses you.
Fire: q) +0 orcbow
Press: ? - help, Q - select action, (/) - cycle Shift-Dir - straight line, f/p - Maggie
Aim: Maggie, wielding a +6 halberd of freezing and wearing +0 acid dragon scales (moderately wounded, ally target, 59% to hit)
You shoot an arrow.
The arrow hits Maggie but does no damage.
Maggie is moderately wounded.
Maggie hits you from afar with a +6 halberd of freezing!
* * * LOW HITPOINT WARNING * * *
Maggie freezes you.
* * * LOW HITPOINT WARNING * * *
MT barely misses Maggie.
As you read the scroll of teleportation, it crumbles to dust.
You feel strangely unstable.
You have got your breath back.
Maggie hits you from afar with a +6 halberd of freezing!
You die...

#########
###########.......#
..........#.......#
..........>.......# ###
#...@.@#..#+#########..
..!..R#.#..#............
...## #........#######..
## #........# ###
#........####
#.#.#+##....# #.#.#
+....# #.#.# #....######
#. #.....#....


You could see the friendly MT the knight and Maggie (ally target).

Vanquished Creatures
  A black bear (D:5)
  An ogre (D:5)
  A centaur (D:6)
  A scorpion (D:5)
  A hound (D:5)
  An orc priest (D:5)
  2 orc wizards
  4 adders
  A worm (D:3)
  2 dart slugs
  12 orcs
  5 endoplasms (D:2)
  2 giant cockroaches
  13 goblins
  3 hobgoblins
  4 kobolds
  3 quokkas
  6 ball pythons
  3 bats (D:2)
  A frilled lizard (D:3)
  2 rats
69 creatures vanquished.

Vanquished Creatures (collateral kills)
  A black bear (D:6)
  A howler monkey (D:6)
  A hound (D:5)
  A jelly (D:4)
  2 orc priests
  3 iguanas (D:5)
  An orc wizard (D:5)
  A sleepcap (D:4)
  An adder (D:6)
  4 orcs
  A goblin (D:4)
  3 hobgoblins
20 creatures vanquished.

Vanquished Creatures (others)
  A knight (D:5)
  4 ancestors
5 creatures vanquished.

Grand Total: 94 creatures vanquished

Notes
Turn   | Place    | Note
-------+----------+-------------------------------------------
     0 | D:1      | BarneyGumball the Naga Hunter began the quest for the Orb.
     0 | D:1      | Reached XP level 1. HP: 19/19 MP: 1/1
   296 | D:1      | Reached skill level 4 in Ranged Weapons
   296 | D:1      | Reached XP level 2. HP: 26/26 MP: 2/2
  1003 | D:2      | Found a hazy altar of Hepliaklqana.
  1025 | D:2      | Became a worshipper of Hepliaklqana the Forgotten
  1231 | D:2      | Reached XP level 3. HP: 32/32 MP: 3/3
  1744 | D:3      | Reached skill level 5 in Ranged Weapons
  1744 | D:3      | Reached XP level 4. HP: 24/39 MP: 4/4
  1866 | D:3      | Reached * piety under Hepliaklqana
  1976 | D:3      | Found a glowing golden altar of the Shining One.
  1979 | D:3      | Found a shadowy altar of Dithmenos.
  1981 | D:3      | Found an opulent altar of Gozag.
  2399 | D:4      | Reached XP level 5. HP: 40/40 MP: 5/5
  2558 | D:4      | Reached skill level 6 in Ranged Weapons
  2615 | D:4      | Noticed Robin
  2762 | D:4      | Found a sparkling altar of Nemelex Xobeh.
  2779 | D:4      | Noticed Menkaure
  3078 | D:5      | Entered Level 5 of the Dungeon
  3112 | D:4      | Reached XP level 6. HP: 13/46 MP: 6/6
  3249 | D:5      | Reached ** piety under Hepliaklqana
  3250 | D:5      | Remembered your ancestor MT as a knight
  3457 | D:5      | Reached skill level 7 in Ranged Weapons
  3605 | D:5      | Reached XP level 7. HP: 53/54 MP: 7/7
  3670 | D:5      | Reached skill level 8 in Ranged Weapons
  3736 | D:5      | Found a staircase to the Ecumenical Temple.
  4229 | D:6      | Reached skill level 9 in Ranged Weapons
  4229 | D:6      | Reached XP level 8. HP: 60/60 MP: 8/8
  4255 | D:6      | Noticed Maggie
  4267 | D:6      | Slain by Maggie

Illustrated notes

Levels and vault maps discovered:
D:1:      amcnicky_arrival_feature_with_door, layout_basic
D:2:      layout_loops_corners, basic_altar, kennysheep_flooded_box,
          minmay_pentomino_z4
D:3:      layout_loops_cross, minitemple, minivault_14, minmay_statues_item,
          minmay_surrounded
D:4:      layout_loops_ring, nemelex_xobeh_ov_fountains_minmay, uniq_robin,
          uniq_duvessa, uniq_menkaure
D:5:      layout_basic, temple_green
D:6:      layout_basic, uniq_maggie

Skill      XL: |  1  2  3  4  5  6  7 |
---------------+----------------------+-----
Ranged Weapons | 4 5 6 7 9 |  9.1
Fighting       | |  2.0
Dodging        | |  1.5
Stealth        | |  1.5

Action                     |  1- 3 |  4- 6 |  7- 9 || total
---------------------------+-------+-------+-------++-------
   Fire: Shortbow          |    77 |   134 |    35 ||   246
         Orcbow            |       |       |    14 ||    14
 Invoke: Ancestor Identity |       |     1 |       ||     1
         Ancestor Life: Kn |       |     1 |       ||     1
Ability: Spit Poison       |     1 |     8 |     3 ||    12
    Use: Scroll            |       |     4 |     5 ||     9
         Potion            |       |     1 |       ||     1
 Armour: Leather armour    |     9 |       |       ||     9
         Ring mail         |     5 |    46 |     9 ||    60
  Dodge: Dodged            |    10 |    37 |     6 ||    53

Table legend: (Time is in decaauts)
 A = Elapsed time spent in this place.
 B = Non-inter-level travel time spent in this place.
 C = Inter-level travel time spent in this place.
 D = Time resting spent in this place.
 E = Time spent auto-exploring this place.
 F = Levels seen in this place.
 G = Mean time per level.
                   A        B        C        D        E       F      G
               +--------+--------+--------+--------+--------+-----+--------+
         Total |   5638 |   5367 |    271 |    417 |   4217 |   6 |  939.7 |
       Dungeon |   5638 |   5367 |    271 |    417 |   4217 |   6 |  939.7 |
               +--------+--------+--------+--------+--------+-----+--------+

Top non-repeatable levels by time:
     D:3: 1380 daAuts
     D:2: 1198 daAuts
     D:5: 1153 daAuts
     D:1: 1082 daAuts
     D:4: 566 daAuts
     D:6: 258 daAuts
